 Dungeon Crawl Stone Soup version 0.28.0-53-g5a82cb258f (webtiles) character file.

Game seed: 17370784462414026783

9606 Ashen the Ogre Mage (level 11, -22/172 HPs)
             Began as an Ogre Ice Elementalist on June 30, 2022.
             Was a Believer of Vehumet.
             Killed by refrigeration
             ... invoked by Fannar
              (26 damage)
             ... on level 11 of the Dungeon.
             The game lasted 00:39:08 (17345 turns).

Ashen the Ogre Mage (Ogre Ice Elementalist)        Turns: 17345, Time: 00:39:08

Health: -22/172    AC: 33    Str: 20    XL:     11   Next: 49%
Magic:  3/25       EV:  1    Int: 20    God:    Vehumet [**....]
Gold:   1308       SH:  0    Dex:  9    Spells: 19/30 levels left

rFire   . . .      SeeInvis .   H - +2 dagger (venom)
rCold   . . .      Faith    .   (no shield)
rNeg    . . .      Spirit   .   (armour currently unavailable)
rPois   +          Reflect  .   (helmet currently unavailable)
rElec   .          Harm     .   (cloak currently unavailable)
rCorr   .          Rampage  .   (gloves unavailable)
Will    +....      NoTele   +   (boots unavailable)
Stlth   +++.......              (no amulet)
HPRegen 0.38/turn               D - +6 ring of strength
MPRegen 0.19/turn               (no ring)

@: ice-armoured, tree-form
A: stationary, stasis, torment immunity, boosted hp, large, unfitting armour,
(tough skin 1)
a: Renounce Religion


You were on level 11 of the Dungeon.
You worshipped Vehumet.
Vehumet was pleased with you.
You were a tree.
You visited 2 branches of the dungeon, and saw 12 of its levels.
You also visited: Bailey.

You collected 1308 gold pieces.

Inventory:

Hand Weapons
 u - a +0 giant spiked club
 H - a +2 dagger of venom (weapon)
Missiles
 x - 8 throwing nets
Armour
 w - a +1 cloak (melded)
 A - +0 steam dragon scales (melded)
 B - +0 acid dragon scales
Magical Staves
 f - a staff of fire
 z - a staff of death
Jewellery
 D - a +6 ring of strength (left branch)
 J - a +4 ring of protection
Wands
 a - a wand of digging (4)
 g - a wand of charming (3)
 l - a wand of polymorph (7)
 y - a wand of acid (16)
 E - a wand of iceblast (5)
 I - a wand of mindburst (2)
Scrolls
 b - 2 scrolls of immolation
 e - a scroll of teleportation
 h - 3 scrolls of noise {unknown}
 i - 2 scrolls of vulnerability {unknown}
 m - 2 scrolls of enchant armour
 r - a scroll of amnesia {unknown}
 v - a scroll of enchant weapon {unknown}
 C - 3 scrolls of identify
Potions
 c - 2 potions of lignification
 d - 2 potions of magic
 j - 4 potions of heal wounds {unknown}
 n - 6 potions of attraction
 o - a potion of degeneration
 p - 2 potions of flight
 q - 2 potions of brilliance
 s - a potion of resistance {unknown}
 t - 5 potions of curing
 F - a potion of haste {unknown}
 G - 2 potions of mutation {unknown}
Miscellaneous
 k - a tin of tremorstones (2/2)


   Skills:
 + Level 9.2 Fighting
 + Level 5.6 Maces & Flails
 + Level 6.8 Dodging
 - Level 5.0 Stealth
 - Level 10.0 Spellcasting
 + Level 3.0 Conjurations
 + Level 7.5 Ice Magic


You had 19 spell levels left.
You knew the following spells:

 Your Spells              Type           Power      Damage    Failure   Level
a - Freeze                Ice            100%       1d11      1%          1
b - Frozen Ramparts       Ice            80%        1d10      1%          3
c - Ozocubu's Armour      Ice            40%        N/A       1%          3
d - Hailstorm             Conj/Ice       31%        3d8       8%          4

Your spell library contained the following spells:

 Spells                   Type           Power      Damage    Failure   Level
 Searing Ray              Conj           44%        2d6       3%          2
 Animate Skeleton         Necr           20%        N/A       7%          1
 Apportation              Tloc           20%        N/A       7%          1
 Slow                     Hex            40%        N/A       7%          1
 Summon Small Mammal      Summ           40%        N/A       7%          1
 Call Canine Familiar     Summ           10%        N/A       21%         3
 Confusing Touch          Hex            10%        N/A       21%         3
 Inner Flame              Hex/Fire       10%        N/A       21%         3
 Portal Projectile        Hex/Tloc       20%        N/A       21%         3
 Vampiric Draining        Necr           10%        2d6       21%         3
 Leda's Liquefaction      Hex/Erth       5%         N/A       56%         4
 Alistair's Intoxication  Tmut/Pois      6%         N/A       88%         5
 Blade Hands              Tmut           5%         N/A       88%         5
 Excruciating Wounds      Necr           5%         N/A       88%         5
 Dispersal                Tloc           5%         N/A       100%        6


Dungeon Overview and Level Annotations

Branches:
Dungeon (11/15)            Temple (1/1) D:7          Bailey (visited)
   Lair: D:8-11         Orc: D:9-12

Altars:
Ashenzari
Cheibriados
Dithmenos
Elyvilon
Fedhas
Gozag
Hepliaklqana
Kikubaaqudgha
Makhleb
Nemelex Xobeh
Okawaru
Qazlal
Ru
Sif Muna
Trog
Uskayaw
Vehumet
Wu Jian
Xom
Yredelemnul
Zin
The Shining One

Shops:
D:4 [   D:9 =

Annotations:
D:5 Grinder
D:6 Maggie
D:10 Erica
D:11 Fannar


Innate Abilities, Weirdness & Mutations

You are a tree.
Your roots penetrate the ground, keeping you stationary.
You cannot be teleported.
You are immune to unholy pain and torment.
Your maximum health is greatly increased.
Your equipment is partially melded.
You are too large for most types of armour.
((You have tough skin. (AC +1)))


Message History

Fannar is heavily wounded.
The frozen ramparts melt away.
The ice beast hits you but does no damage.
Some snowflakes condense on Fannar.
You hit the ice beast.
The ice beast is poisoned.
The ice beast is lightly wounded.
The ice beast hits you but does no damage.
Casting: Hailstorm (mildly dangerous; 8% risk of failure)
Confirm with . or Enter, or press ? or * to list all spells.
Casting: Hailstorm (mildly dangerous; 8% risk of failure)
Press: ? - help, Dir - look around, f - activate A cannonade of hail descends around you!
The hail pelts the ice beast!
The ice beast partially resists.
You kill the ice beast!
The ice beast disappears in a puff of smoke!
The hail pelts Fannar!
Fannar partially resists.
Fannar is severely wounded.
The ice beast hits you but does no damage.
You hit the ice beast but do no damage.
The ice beast is lightly wounded.
The ice beast hits you.
* * * LOW HITPOINT WARNING * * *
The ice beast freezes you.
* * * LOW HITPOINT WARNING * * *
Your magical contamination has completely faded away.
You puncture the ice beast!
The ice beast is moderately wounded.
Fannar casts a spell.
Fannar drains the heat from the surrounding environment!
* * * LOW HITPOINT WARNING * * *
The ice beast hits you but does no damage.
Unknown command.
You hit the ice beast but do no damage.
The ice beast is moderately wounded.
The ice beast hits you but does no damage.
You hit the ice beast.
The ice beast is heavily wounded.
Fannar mumbles some strange words.
Fannar drains the heat from the surrounding environment!
You die...

#.###.#.###### #
#...............#
##.#.#.###.##.######.#
........÷..........>.#
##.#.#####......#....#
#..........#....#
#.####..e..#....##..
###Y#..Y.......
#♣#....).....
#.#.###.....# #....#..
....# +.....## ...#
#...... ... #.......
## #....#.## ≈≈≈≈≈≈≈≈
≈≈≈S≈≈≈≈≈≈


You could see Fannar and an ice beast (summoned, poisoned).

Vanquished Creatures
  A two-headed ogre (D:10)
  A manticore (D:10)
  Joseph (D:8)
  2 kobold demonologists (D:10)
  13 yaks
  A vampire (D:10)
  A wyvern (D:10)
  A wraith (D:9)
  A shadow (D:9)
  2 steam dragons
  An acid dragon (D:9)
  An orc warrior (D:6)
  4 water moccasins
  An ice beast (D:5)
  3 ogres
  5 centaurs
  4 wolves (Bailey)
  A phantom (D:7)
  3 kobold brigands
  A bullfrog (D:7)
  9 gnoll sergeants (Bailey)
  3 scorpions
  A wyvern skeleton (D:6)
  2 water moccasin skeletons
  5 electric eels (D:8)
  4 wights (D:7)
  2 howler monkeys
  4 centaur zombies
  6 gnoll shamans (Bailey)
  2 jellies
  6 orc priests
  4 hounds
  Jessica (D:2)
  4 centaur skeletons
  2 iguanas
  9 orc wizards
  A killer bee zombie (D:7)
  3 hound skeletons (D:4)
  A howler monkey zombie (D:6)
  13 gnolls
  7 adders
  2 white imps (D:7)
  An ufetubus (D:4)
  3 worms (D:2)
  3 dart slugs
  20 orcs
  7 ball pythons
  9 endoplasms
  2 giant cockroaches
  15 goblins
  11 hobgoblins
  5 jackals
  13 kobolds
  2 quokkas
  9 bats
  3 frilled lizards
  8 rats
250 creatures vanquished.

Vanquished Creatures (others)
  5 fungi (D:6)
  72 plants
77 creatures vanquished.

Grand Total: 327 creatures vanquished

Notes
Turn   | Place    | Note
-------+----------+-------------------------------------------
     0 | D:1      | Ashen the Ogre Ice Elementalist began the quest for the
                  | Orb.
     0 | D:1      | Reached XP level 1. HP: 16/16 MP: 3/3
   224 | D:1      | Reached XP level 2. HP: 20/26 MP: 3/5
   639 | D:1      | Reached skill level 1 in Fighting
   701 | D:1      | Reached skill level 3 in Spellcasting
   701 | D:1      | Reached XP level 3. HP: 25/33 MP: 2/7
   852 | D:1      | Learned a level 3 spell: Frozen Ramparts
   856 | D:1      | Learned a level 3 spell: Ozocubu's Armour
  1010 | D:1      | Found a faded altar of an unknown god.
  1322 | D:2      | Reached XP level 4. HP: 35/41 MP: 3/9
  1974 | D:2      | You fall into a shaft and drop 2 floors!
  1974 | D:4      | Noticed a scorpion
  1985 | D:4      | Killed a scorpion
  1986 | D:4      | Reached XP level 5. HP: 28/49 MP: 4/10
  2179 | D:4      | Reached skill level 4 in Spellcasting
  2282 | D:3      | Found a shadowy altar of Dithmenos.
  2533 | D:2      | Noticed Jessica
  2540 | D:2      | Killed Jessica
  2541 | D:2      | Reached XP level 6. HP: 56/59 MP: 8/12
  3924 | D:3      | Learned a level 4 spell: Hailstorm
  5344 | D:4      | Found Feaciud's Antique Armour Boutique.
  5436 | D:5      | Entered Level 5 of the Dungeon
  5496 | D:5      | Reached skill level 5 in Spellcasting
  5496 | D:5      | Reached XP level 7. HP: 46/67 MP: 12/14
  5638 | D:5      | Found a glowing golden altar of the Shining One.
  5982 | D:5      | Noticed Grinder
  6673 | D:5      | Reached XP level 8. HP: 52/78 MP: 11/16
  6853 | D:5      | Got Kiuda's Disquisition on Quantum Bewitchment
  6925 | D:5      | Reached skill level 1 in Maces & Flails
  6925 | D:5      | Reached skill level 6 in Spellcasting
  7059 | D:6      | Found a blossoming altar of Fedhas.
  7113 | D:6      | Reached skill level 5 in Ice Magic
  7398 | D:6      | Noticed Maggie
  7438 | D:6      | Found a stormy altar of Qazlal.
  7897 | D:6      | Reached skill level 5 in Fighting
  8068 | D:6      | Reached skill level 7 in Spellcasting
  8157 | D:6      | Reached XP level 9. HP: 78/88 MP: 12/19
 10674 | D:7      | Reached skill level 8 in Spellcasting
 10941 | D:7      | Found a staircase to the Ecumenical Temple.
 10948 | Temple   | Entered the Ecumenical Temple
 11138 | Temple   | Became a worshipper of Vehumet
 11203 | D:8      | Found an iron altar of Okawaru.
 11260 | D:7      | Reached skill level 5 in Dodging
 11682 | D:8      | Noticed Joseph
 12159 | D:7      | Reached XP level 10. HP: 70/100 MP: 20/22
 12288 | D:8      | Killed Joseph
 12759 | D:8      | Found an ancient bone altar of Kikubaaqudgha.
 12883 | D:8      | Reached skill level 9 in Spellcasting
 13265 | D:9      | Found a flagged portal.
 13298 | D:9      | Reached * piety under Vehumet
 13298 | D:9      | Offered knowledge of Foxfire by Vehumet.
 13301 | D:9      | Reached skill level 5 in Stealth
 13368 | Bailey   | Entered a bailey
 14301 | Bailey   | Offered knowledge of Scorch by Vehumet.
 14301 | Bailey   | Reached ** piety under Vehumet
 14589 | D:9      | Found a snail-covered altar of Cheibriados.
 14884 | D:9      | Found Pumy's Jewellery Shop.
 15169 | D:10     | Entered Level 10 of the Dungeon
 15420 | D:10     | Found a hide-covered altar of Uskayaw.
 15443 | D:10     | Reached skill level 10 in Spellcasting
 15784 | D:10     | Noticed Erica
 16022 | D:10     | Noticed a kobold demonologist
 16035 | D:10     | Killed a kobold demonologist
 16036 | D:10     | Reached skill level 1 in Conjurations
 16038 | D:10     | Reached XP level 11. HP: 60/111 MP: 15/25
 16337 | D:10     | Reached skill level 5 in Maces & Flails
 16447 | D:10     | Noticed a manticore
 16454 | D:10     | Killed a manticore
 16648 | D:10     | Offered knowledge of Searing Ray by Vehumet.
 16845 | D:10     | Noticed a two-headed ogre
 16852 | D:10     | Killed a two-headed ogre
 17309 | D:11     | Noticed Fannar
 17343 | D:11     | HP: 4/172 [Fannar/refrigeration (22)]
 17345 | D:11     | Killed from afar by Fannar

Illustrated notes

Levels and vault maps discovered:
D:1:      lemuel_arrival_funnel, layout_rooms, ebering_ecumenical_altar_mist
D:2:      layout_basic, minmay_split_cup_large, uniq_jessica
D:3:      layout_basic, mainiacjoe_overflow_tiny_flanked, st_stairs_4
D:4:      layout_cave_pods, serial_shops, nicolae_shop_hallway_plus,
          minmay_fractal_squares_5
D:5:      minmay_bubble_buster, layout_basic, amcnicky_altar_gilded,
          kennysheep_generic_room_10, uniq_grinder
D:6:      layout_basic, grunt_temple_overflow_forces_of_nature, uniq_maggie
D:7:      layout_rooms, minmay_temple_entry_statues, minivault_23,
          kennysheep_crisscross
D:8:      layout_loops_cross, okawaru_trees_1, mainiacjoe_overflow_alcove_4,
          serial_bayou, serial_bayou_lagoon_a, serial_bayou_pond_a,
          serial_bayou_pond_d, serial_bayou_shore_b, serial_bayou_pond_c,
          serial_bayou_pond_c, uniq_joseph
D:9:      layout_long_grid, kennysheep_slug_shrine, enter_bailey_5,
          minmay_shop_enchanted_jewellery
D:10:     layout_loops_ring, nicolae_uskayaw_murder_on_the_dancefloor,
          uniq_erica
D:11:     layout_basic, lair_entry_dummy, uniq_fannar
Temple:   eino_narrow_crystal_temple

Skill      XL: |  1  2  3  4  5  6  7  8  9 10 11 |
---------------+----------------------------------+-----
Dodging        | 2 3 4 5 6 |  6.8
Fighting       | 1 2 3 4 5 6 8 9 |  9.2
Spellcasting   | 3 4 5 7 8 10 | 10.0
Stealth        | 2 3 4 5 |  5.0
Ice Magic      | 4 5 6 7 |  7.5
Maces & Flails | 2 3 4 5 |  5.6
Conjurations   | 1 3 |  3.0

Action                   |  1- 3 |  4- 6 |  7- 9 | 10-12 || total
-------------------------+-------+-------+-------+-------++-------
Melee: Unarmed           |    51 |   138 |    17 |       ||   206
       Punch             |       |     3 |     1 |     2 ||     6
       Giant spiked club |       |       |   197 |   131 ||   328
       Dagger            |       |       |       |    41 ||    41
 Cast: Freeze            |    48 |   120 |    31 |    20 ||   219
       Frozen Ramparts   |       |     3 |    24 |    27 ||    54
       Ozocubu's Armour  |       |     3 |    32 |    25 ||    60
       Hailstorm         |       |       |       |    18 ||    18
  Use: Potion            |       |     3 |       |     1 ||     4
       Scroll            |       |       |     5 |     7 ||    12
 Stab: Sleeping          |     1 |     2 |     3 |     5 ||    11
       Distracted        |       |     1 |       |       ||     1
Armor: Robe              |    32 |   100 |   160 |       ||   292
       Steam dragon scal |       |       |     7 |   144 ||   151
       Skin              |       |       |     5 |     8 ||    13
Dodge: Dodged            |    51 |   146 |   174 |   189 ||   560
